 Dungeon Crawl Stone Soup version 0.27.0-1-g7a089689b8 (webtiles) character file.

Game seed: 10971719808438205183

89 sanka the Poker (level 4, -1/35 HPs)
             Began as a Mummy Abyssal Knight on Aug 1, 2021.
             Was a Follower of Lugonu.
             Slain by Grinder (7 damage)
             ... on level 2 of the Dungeon.
             The game lasted 00:03:27 (3327 turns).

sanka the Poker (Mummy Abyssal Knight)              Turns: 3327, Time: 00:03:27

Health: -1/35      AC:  4    Str: 16    XL:     4   Next: 31%
Magic:  5/5        EV: 11    Int: 11    God:    Lugonu [*.....]
Gold:   104        SH:  0    Dex: 11    Spells: 3/3 levels left

rFire    x . .     SeeInvis +   a - +1 spear
rCold    + . .     Faith    .   (no shield)
rNeg     + + +     Spirit   .   b - +0 leather armour
rPois    ∞         Reflect  .   l - +0 helmet
rElec    .         Harm     .   (no cloak)
rCorr    .         Rampage  .   (no gloves)
Will     .....                  (no boots)
Stlth    +.........             (no amulet)
HPRegen  0.11/turn              (no ring)
MPRegen  0.09/turn              f - ring of see invisible

@: no status effects
A: cold resistance 1, negative energy resistance 3, torment resistance 2, heat
vulnerability 1, no potions
a: Renounce Religion, Depart the Abyss


You were on level 2 of the Dungeon.
You worshipped Lugonu.
Lugonu was aware of your devotion.
You visited 1 branch of the dungeon, and saw 3 of its levels.
You visited the Abyss 1 time.

You collected 104 gold pieces.


Innate Abilities, Weirdness & Mutations

You are immune to poison.
Your flesh is cold resistant. (rC+)
You are immune to negative energy. (rN+++)
You are immune to unholy pain and torment.
You are vulnerable to heat. (rF-)
You do not drink.


   Skills:
 + Level 3.2 Fighting
 + Level 3.7 Polearms
 - Level 1.5 Armour
 - Level 0.7 Dodging
 - Level 1.5 Invocations


You had 3 spell levels left.
You didn't know any spells.
Your spell library contained the following spells:

 Spells                   Type           Power      Damage    Failure   Level
 Static Discharge         Conj/Air       0%         N/A       54%         2
 Dispel Undead            Necr           0%         3d6       99%         4
 Sticky Flame             Conj/Fire      0%         2d3       99%         4

Inventory:

Hand Weapons
 a - a +1 spear (weapon)
 k - a +0 dagger of venom
Missiles
 j - 6 javelins
Armour
 b - a +0 leather armour (worn)
 l - a +0 helmet (worn)
 m - a +0 kite shield
Magical Staves
 c - a staff of poison
Jewellery
 f - a ring of see invisible (right hand)
Scrolls
 d - a scroll of torment {unknown}
 e - a scroll of identify {unknown}
 g - 2 scrolls of noise {unknown}
 h - a scroll of enchant armour {unknown}
 i - a scroll of fear {unknown}

Dungeon Overview and Level Annotations

Branches:
Dungeon (3/15)

Altars:
Sif Muna

Annotations:
D:2 Grinder

.......▒▒.▒▒▒▒.▒.▒▒ ▒.▒
.....<.▒▒.▒▒▒▒▒..▒
▒.▒▒▒▒▒▒▒▒▒▒
.................▒
▒..........▒
.....▒▒▒▒.▒▒▒▒▒.▒▒
▒▒▒▒▒▒▒▒▒▒.▒ ..▒▒▒......▒
▒.▒ ▒.▒
..▒▒▒......▒▒▒▒.▒▒ ▒.▒
..............!..▒ ▒.▒
▒▒▒▒▒......▒▒▒▒5.▒ ▒▒.▒▒
▒......▒▒▒▒.M▒▒▒ ▒....
▒▒▒.▒..........▒ ▒▒.▒.
▒▒▒▒▒▒▒.▒(.▒▒▒▒..▒.▒▒▒▒▒▒
▒▒▒. ........▒..▒
▒........<▒ ▒.
▒▒▒▒▒▒▒▒▒..▒▒▒▒.▒▒.▒▒▒▒.▒
▒. ...........▒▒...▒▒.▒
▒.▒ ▒.
▒▒▒▒▒▒▒▒▒.▒▒▒.▒▒▒▒.▒ ▒.▒
▒▒▒▒. ▒ ▒.▒ ▒.▒ ▒.▒ ▒.▒
▒.... ▒ ▒.▒ ▒.▒ ▒.▒ ▒.▒
▒.▒▒▒


You could see Grinder.


Message History

There is a stone staircase leading down here.
Unknown command.
You completely miss Grinder. Grinder barely misses you.
You hit Grinder.
Grinder is lightly wounded.
Grinder closely misses you.
You barely miss Grinder.
Grinder is lightly wounded.
Grinder grins, showing sharp teeth.
Grinder barely misses you.
You closely miss Grinder.
Grinder is lightly wounded.
Grinder completely misses you.
You hit Grinder.
Grinder is lightly wounded.
Grinder hits you.
* * * LOW HITPOINT WARNING * * *
You hit Grinder but do no damage.
Grinder is lightly wounded.
Grinder hits you.
* * * LOW HITPOINT WARNING * * *
You completely miss Grinder.
Grinder is lightly wounded.
Grinder says, "Don't move a muscle."
Grinder closely misses you.
You barely miss Grinder.
Grinder is lightly wounded.
Grinder hits you!
You die...

Action                   |  1- 3 |  4- 6 || total
-------------------------+-------+-------++-------
Melee: Spear             |   157 |     9 ||   166
       Dagger            |       |    27 ||    27
Invok: Depart the Abyss  |     1 |       ||     1
 Stab: Sleeping          |     2 |       ||     2
Armor: Leather armour    |    31 |     5 ||    36
Dodge: Dodged            |    61 |    22 ||    83

Levels and vault maps discovered:
D:1:      noname_arrival_rooms_in_the_neighbourhood, layout_basic
D:2:      layout_loops_ring
D:3:      layout_loops_ring, mainiacjoe_overflow_boulevard,
          kennysheep_generic_room_9, uniq_grinder

Notes
Turn   | Place    | Note
-------+----------+-------------------------------------------
     0 | Abyss:1  | sanka the Mummy Abyssal Knight began the quest for the Orb.
     0 | Abyss:1  | Reached XP level 1. HP: 18/18 MP: 2/2
    40 | D:1      | Escaped the Abyss
   103 | D:1      | Reached * piety under Lugonu
   119 | D:1      | Reached skill level 2 in Polearms
   188 | D:1      | Reached XP level 2. HP: 24/24 MP: 3/3
   995 | D:2      | Reached XP level 3. HP: 29/29 MP: 4/4
  1008 | D:2      | Reached skill level 3 in Polearms
  2088 | D:2      | Reached XP level 4. HP: 23/35 MP: 5/5
  3059 | D:3      | Found a shimmering blue altar of Sif Muna.
  3268 | D:3      | Noticed Grinder
  3310 | D:3      | Paralysed by Grinder for 7 turns
  3327 | D:2      | Slain by Grinder

Vanquished Creatures
  3 gnolls (D:2)
  An adder (D:2)
  A worm (D:2)
  A dart slug (D:2)
  A bat (D:1)
  3 endoplasms
  8 goblins
  3 hobgoblins
  4 jackals (D:2)
  11 ball pythons
  A frilled lizard (D:2)
  3 kobolds (D:1)
  5 rats
45 creatures vanquished.
